 Dungeon Crawl Stone Soup version 0.21.1-1-g345015fe64 (webtiles) character file.

12637 Mrkan the Protected (level 11, 0/107 HPs)
             Began as a Minotaur Fighter on May 10, 2018.
             Was a Priest of Ru.
             Slain by a 13-headed hydra (4 damage)
             ... on level 11 of the Dungeon.
             The game lasted 00:21:38 (10419 turns).

Mrkan the Protected (Minotaur Fighter)             Turns: 10419, Time: 00:21:39

Health: 0/107      AC: 19    Str: 24    XL:     11   Next: 65%
Magic:  10/10      EV:  5    Int:  5    God:    Ru [***...]
Gold:   680        SH: 10    Dex: 13    Spells: 10/10 levels left

rFire    . . .     SeeInvis .   (no weapon)
rCold    . . .     Gourm    .   c - +0 shield
rNeg     + . .     Faith    .   J - +0 plate armour
rPois    .         Spirit   .   M - +1 hat {MR+}
rElec    .         Reflect  .   w - +1 cloak
rCorr    .         Harm     .   (no gloves)
MR       +....                  (no boots)
Stlth    ..........             (no amulet)
HPRegen  0.27/turn              L - ring "Munt" {rN+ Str+3}
MPRegen  0.12/turn              (no ring)

@: no status effects
A: retaliatory headbutt, horns 2, no stealth, inability to use devices
a: Draw Out Power, Renounce Religion


You were on level 11 of the Dungeon.
You worshipped Ru.
Ru was most pleased with you.
You were not hungry.

You visited 1 branch of the dungeon, and saw 11 of its levels.

You collected 680 gold pieces.

Inventory:

Hand Weapons
 a - a +0 war axe
 g - a +2 hand axe of electrocution
 P - a cursed -3 war axe
Armour
 b - a +0 scale mail
 c - a +0 shield (worn)
 w - a +1 cloak (worn)
 J - a +0 plate armour (worn)
 M - a +1 hat of magic resistance (worn)
Jewellery
 q - a cursed ring of teleportation
 G - an uncursed ring of protection from cold
 H - an uncursed ring of fire
 L - the ring "Munt" (left hand) {rN+ Str+3}
   (You found it on level 9 of the Dungeon)

   [ring of strength]

   It affects your strength (+3).
   It protects you from negative energy.
 Q - an uncursed amulet of rage {unknown}
Wands
 y - a wand of scattershot (2)
 A - a wand of clouds (5)
Scrolls
 e - 14 scrolls of remove curse
 h - 10 scrolls of teleportation
 i - a scroll of immolation {unknown}
 j - 5 scrolls of identify
 k - a scroll of fear {unknown}
 n - 2 scrolls of random uselessness
 o - a scroll of enchant weapon {unknown}
 p - a scroll of amnesia {unknown}
 C - 2 scrolls of magic mapping {unknown}
 E - 4 scrolls of fog
 I - 2 scrolls of enchant armour {unknown}
 K - a scroll of blinking {unknown}
Potions
 d - 3 potions of might
 l - a potion of mutation {unknown}
 m - 2 potions of curing
 r - 2 potions of lignification
 t - 2 potions of cancellation {unknown}
 u - a potion of heal wounds
 v - 3 potions of degeneration
 z - a potion of invisibility {unknown}
 B - a potion of agility {unknown}
 D - a potion of ambrosia {unknown}
 F - a potion of brilliance {unknown}
 O - a potion of haste {unknown}
Books
 s - a book of Minor Magic

   Spells                             Type                      Level
   a - Magic Dart                     Conjuration                  1
   b - Blink                          Translocation                2
   c - Call Imp                       Summoning                    2
   d - Slow                           Hexes                        2
   e - Conjure Flame                  Conjuration/Fire             3
   f - Mephitic Cloud                 Conjuration/Poison/Air       3
 x - a book of Necromancy

   Spells                             Type                      Level
   a - Pain                           Necromancy                   1
   b - Animate Skeleton               Necromancy                   1
   c - Vampiric Draining              Necromancy                   3
   d - Regeneration                   Charms/Necromancy            3
   e - Animate Dead                   Necromancy                   4
   f - Borgnjor's Vile Clutch         Necromancy/Earth             5
 N - a book of Conjurations

   Spells                             Type                      Level
   a - Magic Dart                     Conjuration                  1
   b - Searing Ray                    Conjuration                  2
   c - Dazzling Spray                 Conjuration/Hexes            3
   d - Fulminant Prism                Conjuration/Hexes            4
   e - Force Lance                    Conjuration/Translocation    4
   f - Iskenderun's Mystic Blast      Conjuration                  4
Comestibles
 f - 10 rations
 R - a chunk of flesh


   Skills:
 + Level 13.1 Fighting
 - Level 12.0 Axes
 * Level 13.7 Armour
 - Level 3.6 Shields


You had 10 spell levels left.
You didn't know any spells.

Dungeon Overview and Level Annotations

Branches:
Dungeon (11/15)            Temple (0/1) D:7            Lair (0/6) D:11
    Orc (0/2) D:9

Altars:
Ashenzari
Dithmenos
Elyvilon
Fedhas
Gozag
Kikubaaqudgha
Nemelex Xobeh
Ru
Trog
The Shining One

Shops:
D:9 =%?(}


Innate Abilities, Weirdness & Mutations

You reflexively headbutt those who attack you in melee.
You have a pair of horns on your head.
You cannot be stealthy.
You cannot study or use magical devices.


Message History

Really attack barehanded? [Y]es or [N]o only, please.
Really attack barehanded? [Y]es or [N]o only, please.
Really attack barehanded?
You hit the 13-headed hydra but do no damage.
Your headbutt misses the 13-headed hydra.
The 13-headed hydra is lightly wounded.
The 13-headed hydra bites you.
* * * LOW HITPOINT WARNING * * *
You block the 13-headed hydra's attack.
The 13-headed hydra bites you but does no damage.
You block the 13-headed hydra's attack.
The 13-headed hydra completely misses you.
You block the 13-headed hydra's attack. The 13-headed hydra bites you!
* * * LOW HITPOINT WARNING * * *
The 13-headed hydra bites you!
* * * LOW HITPOINT WARNING * * *
The 13-headed hydra barely misses you. The 13-headed hydra bites you.
You die...

........ ........ ........ .....
######## #.... #.... #....
##################### #y...
....................# #....
(...............@D..#########....
##############..................<
#..################# #..# #..#
#..# #..# #..# ##############..#


You could see a 13-headed hydra.

Vanquished Creatures
  Gastronok (D:9)
  4 two-headed ogres
  Pikel (D:5)
  A kobold demonologist (D:8)
  A hornet (D:11)
  4 hippogriffs
  2 slime creatures (D:7)
  A meliai zombie (D:10)
  8 yaks
  A soldier ant (D:10)
  A black bear (D:9)
  3 orc warriors
  2 sky beasts (D:7)
  5 phantoms
  4 ice beasts
  3 ogres
  7 centaurs
  5 big kobolds (D:7)
  4 bullfrogs
  A wyvern skeleton (D:9)
  A killer bee (D:11)
  15 wights
  2 howler monkeys
  6 crimson imps
  2 bullfrog zombies
  A centaur skeleton (D:7)
  3 hounds
  5 orc priests
  6 jellies
  Crazy Yiuf (D:4)
  Ijyb (D:5)
  Terence (D:3)
  10 orc wizards
  An iguana (D:4)
  6 worker ants
  A hound zombie (D:7)
  A hound skeleton (D:7)
  2 worker ant zombies (D:10)
  5 gnolls
  10 adders
  A howler monkey skeleton (D:10)
  2 shadow imps (D:9)
  10 oozes
  2 adder skeletons (D:4)
  A worm (D:3)
  4 dart slugs
  2 leopard geckos (D:3)
  20 orcs
  A ball python (D:4)
  8 bats
  2 giant cockroaches
  12 goblins
  8 hobgoblins
  16 jackals
  A quokka (D:3)
  A frilled lizard (D:4)
  15 kobolds
  2 quokka skeletons
  7 rats
  6 fungi
  4 plants (D:10)
264 creatures vanquished.

Vanquished Creatures (others)
  An orc priest (D:5)
  An orc wizard (D:5)
  A dart slug (D:5)
  4 orcs (D:5)
  A jackal zombie (D:5)
  A fungus (D:7)
  6 toadstools (D:7)
15 creatures vanquished.

Grand Total: 279 creatures vanquished

Notes
Turn   | Place    | Note
-------+----------+-------------------------------------------
     0 | D:1      | Mrkan the Minotaur Fighter began the quest for the Orb.
     0 | D:1      | Reached XP level 1. HP: 19/19 MP: 0/0
   158 | D:1      | Reached XP level 2. HP: 27/27 MP: 1/1
   358 | D:1      | Reached XP level 3. HP: 28/33 MP: 2/2
  1216 | D:2      | Reached XP level 4. HP: 34/41 MP: 3/3
  1462 | D:2      | Reached skill level 5 in Axes
  1465 | D:2      | Reached skill level 5 in Fighting
  1465 | D:2      | Reached XP level 5. HP: 15/48 MP: 4/4
  2175 | D:3      | Found a glowing golden altar of the Shining One.
  2187 | D:3      | Found an ancient bone altar of Kikubaaqudgha.
  2336 | D:3      | Noticed Terence
  2340 | D:3      | Killed Terence
  2340 | D:3      | Reached XP level 6. HP: 54/56 MP: 5/5
  3044 | D:4      | HP: 2/57 [poisoned by an adder]
  3399 | D:4      | Reached XP level 7. HP: 55/63 MP: 6/6
  3736 | D:4      | Found a runed door.
  3740 | D:4      | Noticed Crazy Yiuf
  3749 | D:4      | Killed Crazy Yiuf
  4026 | D:5      | Entered Level 5 of the Dungeon
  4324 | D:5      | Found an opulent altar of Gozag.
  4343 | D:5      | Found a sparkling altar of Nemelex Xobeh.
  4343 | D:5      | Found a shattered altar of Ashenzari.
  4344 | D:5      | Found a sacrificial altar of Ru.
  4345 | D:5      | Found a white marble altar of Elyvilon.
  4347 | D:5      | Found a blossoming altar of Fedhas.
  4353 | D:5      | Became a worshipper of Ru the Awakened
  4410 | D:5      | Noticed Pikel
  4429 | D:5      | Killed Pikel
  4429 | D:5      | Reached XP level 8. HP: 55/74 MP: 7/7
  4514 | D:5      | Reached skill level 10 in Axes
  5048 | D:5      | Noticed Ijyb
  5054 | D:5      | Killed Ijyb
  5315 | D:6      | Found a bloodstained altar of Trog.
  5557 | D:6      | Found a shadowy altar of Dithmenos.
  5740 | D:6      | Gained mutation: You cannot study or use magical devices. [Ru sacrifice]
  5740 | D:6      | Reached * piety under Ru
  5740 | D:6      | Reached ** piety under Ru
  5798 | D:6      | Reached XP level 9. HP: 72/82 MP: 8/8
  6261 | D:7      | Found a staircase to the Ecumenical Temple.
  6438 | D:7      | Reached skill level 5 in Armour
  6547 | D:7      | Reached skill level 10 in Fighting
  7049 | D:8      | Reached XP level 10. HP: 94/94 MP: 9/9
  7177 | D:9      | Found Ugosch's Gadget Emporium.
  7472 | D:9      | Noticed a two-headed ogre
  7474 | D:9      | Killed a two-headed ogre
  7474 | D:9      | Reached skill level 10 in Armour
  7486 | D:9      | Found Uteikeot's Magic Scroll Shoppe.
  7568 | D:9      | Found Ejiqyace's Food Emporium.
  7787 | D:9      | Found Eblerij's Jewellery Shop.
  7810 | D:9      | Found Ujeu's Weapon Shoppe.
  7819 | D:9      | Got a fine glass ring
  7909 | D:9      | Found a staircase to the Orcish Mines.
  7998 | D:9      | Noticed a two-headed ogre
  8013 | D:9      | Killed a two-headed ogre
  8182 | D:9      | Gained mutation: You cannot be stealthy. [Ru sacrifice]
  8182 | D:9      | Reached *** piety under Ru
  8199 | D:9      | Noticed Gastronok
  8224 | D:9      | Killed Gastronok
  8224 | D:9      | Reached XP level 11. HP: 72/104 MP: 10/10
  8384 | D:10     | Entered Level 10 of the Dungeon
  8602 | D:10     | Noticed a two-headed ogre
  8610 | D:10     | Killed a two-headed ogre
  9124 | D:10     | Found a blossoming altar of Fedhas.
  9764 | D:10     | Identified the ring "Munt" {rN+ Str+3} (You found it on level 9 of the Dungeon)
  9810 | D:11     | Noticed a two-headed ogre
  9824 | D:11     | Killed a two-headed ogre
  9892 | D:11     | Paralysed by a hornet for 2 turns
 10211 | D:11     | Found a staircase to the Lair.
 10389 | D:11     | Noticed a seven-headed hydra
 10419 | D:11     | HP: 4/107 [13-headed hydra (7)]
 10419 | D:11     | Slain by a 13-headed hydra

Skill      XL: |  1  2  3  4  5  6  7  8  9 10 11 |
---------------+----------------------------------+-----
Axes           | 3 4 5 6 7 9 11 12 | 12.0
Fighting       | 4 5 6 7 8 10 12 13 | 13.1
Armour         | 8 12 13 | 13.7
Shields        | |  3.6

Action                   |  1- 3 |  4- 6 |  7- 9 | 10-12 || total
-------------------------+-------+-------+-------+-------++-------
Melee: War axe           |    82 |    30 |       |       ||   112
       Headbutt          |    10 |    12 |    55 |    81 ||   158
       Hand axe          |       |    62 |   279 |   309 ||   650
       Unarmed           |       |       |       |     1 ||     1
Invok: Sacrifice Artific |       |       |     1 |       ||     1
       Sacrifice Stealth |       |       |       |     1 ||     1
       Reject Sacrifices |       |       |       |     1 ||     1
  Use: Scroll            |       |       |     7 |     7 ||    14
       Potion            |       |       |     1 |     3 ||     4
 Stab: Distracted        |       |       |     1 |       ||     1
       Invisible         |       |       |       |     4 ||     4
  Eat: Chunk             |     1 |     6 |     7 |    10 ||    24
       Ration            |       |     1 |     1 |       ||     2
Armor: Scale mail        |    34 |    18 |    72 |    23 ||   147
       Plate armour      |       |       |       |   150 ||   150
Dodge: Dodged            |    23 |    21 |    48 |    62 ||   154
Block: Shield            |    50 |    29 |    86 |   144 ||   309
